 Dungeon Crawl Stone Soup version 0.27-a0-1228-gfd60fd639a (webtiles) character file.

Game seed: 4243620606692720032

23326 ZappyNine the Thaumaturge (level 12, -4/97 HPs)
             Began as a Demonspawn Artificer on June 7, 2021.
             Was an Elder of Sif Muna.
             Engulfed by an ice statue's freezing vapour (23 damage)
             ... in an ice cave.
             The game lasted 00:26:05 (15779 turns).

ZappyNine the Thaumaturge (Demonspawn Artificer)   Turns: 15779, Time: 00:26:06

Health: -4/97      AC: 11    Str: 18    XL:     12   Next: 70%
Magic:  26/26      EV: 14    Int: 16    God:    Sif Muna [****..]
Gold:   488        SH: 11    Dex: 21    Spells: 30/31 levels left

rFire    + . .     SeeInvis .   v - +5 flail (drain)
rCold    . . .     Faith    .   f - +0 buckler
rNeg     + . .     Spirit   .   F - +2 troll leather armour
rPois    .         Reflect  +   (helmet restricted)
rElec    .         Harm     .   c - +0 cloak
rCorr    .         Rampage  .   (no gloves)
Will     +....                  (boots unavailable)
Stlth    +++.......             i - amulet of reflection
HPRegen  1.26/turn              C - ring "Eploifah" {rF+ rN+ Will+ Int+3}
MPRegen  0.20/turn              q - +6 ring of dexterity

@: no status effects
A: talons 3, molten scales 2, demonic guardian 1, demonic magic 3, horns 1,
agile 1, deterioration 1
a: Renounce Religion, Channel Magic, Forget Spell, Divine Exegesis


You were in an ice cave.
You worshipped Sif Muna.
Sif Muna was greatly pleased with you.
You visited 3 branches of the dungeon, and saw 14 of its levels.
You also visited: Ice Cave.

You collected 706 gold pieces.
You spent 218 gold pieces at shops.

Inventory:

Hand Weapons
 v - a +5 flail of draining (weapon)
Missiles
 o - a throwing net
 A - 4 curare-tipped darts
 H - 8 atropa-tipped darts
Armour
 b - a +0 leather armour
 c - a +0 cloak (worn)
 f - a +0 buckler (worn)
 k - the +0 helmet "Jiliof" {Will+ rCorr Str+2}
   (You found it on level 12 of the Dungeon)

   It affects your strength (+2).
   It protects you from acid and corrosion.
   It increases your willpower.
 E - the +0 cloak of Action {Will+}
   (You bought it in a shop on level 8 of the Dungeon)

   It increases your willpower.
 F - a +2 troll leather armour (worn)
Jewellery
 a - a ring of magical power
 i - an amulet of reflection (around neck)
 j - a ring of willpower
 q - a +6 ring of dexterity (right hand)
 y - a ring of flight
 z - an amulet of guardian spirit
 C - the ring "Eploifah" (left hand) {rF+ rN+ Will+ Int+3}
   (You found it on level 8 of the Dungeon)

   [ring of protection from fire]

   It affects your intelligence (+3).
   It protects you from fire.
   It protects you from negative energy.
   It increases your willpower.
 G - a +4 ring of evasion
Wands
 d - a wand of charming (20)
 J - a wand of acid (5)
 K - a wand of iceblast (12)
 N - a wand of polymorph (6)
 O - a wand of flame (2) (quivered)
Scrolls
 g - 3 scrolls of fear
 l - 5 scrolls of identify
 n - a scroll of amnesia
 t - a scroll of magic mapping
 u - a scroll of blinking
 B - 3 scrolls of teleportation
Potions
 h - 3 potions of flight
 m - 9 potions of curing
 p - a potion of haste
 r - a potion of berserk rage
 s - a potion of heal wounds
 w - 2 potions of resistance
 x - a potion of cancellation
 D - a potion of might
 I - a potion of magic {unknown}
 L - a potion of ambrosia
Miscellaneous
 e - a piece from Xom's chessboard (15/15)


   Skills:
 + Level 9.7 Fighting
 - Level 8.8 Maces & Flails
 + Level 7.1 Armour
 - Level 4.1 Dodging
 - Level 3.3 Stealth
 - Level 4.5 Shields
 + Level 10.2 Spellcasting
 + Level 7.6 Evocations


You had 30 spell levels left.
You knew the following spells:

 Your Spells              Type           Power      Damage    Failure   Level
a - Corona                Hex            8%         N/A       11%         1

Your spell library contained the following spells:

 Spells                   Type           Power      Damage    Failure   Level
 Animate Skeleton         Necr           16%        N/A       11%         1
 Apportation              Tloc           16%        N/A       11%         1
 Summon Small Mammal      Summ           32%        N/A       11%         1


Dungeon Overview and Level Annotations

Branches:
Dungeon (12/15)            Temple (1/1) D:5            Lair (1/6) D:8
    Orc (0/2) D:12          IceCv (1/1)

Altars:
Ashenzari
Cheibriados
Dithmenos
Elyvilon
Fedhas
Gozag
Hepliaklqana
Kikubaaqudgha
Makhleb
Nemelex Xobeh
Okawaru
Qazlal
Ru
Sif Muna
Trog
Uskayaw
Vehumet
Wu Jian
Xom
Yredelemnul
Zin
The Shining One

Shops:
D:1 [*[([   D:8 [

Annotations:
D:8 2 transporters, Dvallin's ghost, novice GnCj IceCv exclusion: 2 ice statues


Innate Abilities, Weirdness & Mutations

You have claws for feet.
You are mostly covered in molten scales. (AC +3)
A weak demonic guardian rushes to your aid.
Spells you cast and wands you use may paralyse nearby enemies.
You have a pair of small horns on your head.
You are agile. (Dex +2)
Your body sometimes deteriorates upon taking damage.


Message History

Marking area around 2 ice statues as unsafe for travelling.
Really walk into a travel-excluded area?
The ice statue gestures at you.
The shard of ice reflects off an invisible shield around you!
The shard of ice hits the ice statue!
The ice statue partially resists.
You sock the ice statue! You claw the ice statue! You headbutt the ice statue.
The ice statue is heavily damaged.
The ice statue glitters chillingly in the dim dungeon light.
You hit the ice statue. You claw the ice statue!
The ice statue is heavily damaged.
You sock the ice statue! You claw the ice statue.
Your headbutt misses the ice statue.
The ice statue is severely damaged.
The ice statue gestures at you. The freezing blast engulfs you!
You hit the ice statue. You headbutt the ice statue.
The ice statue is severely damaged.
You are engulfed in freezing vapours.
The ice statue glitters chillingly in the dim dungeon light.
You hit the ice statue.
The ice statue is almost destroyed.
You are engulfed in freezing vapours.
The ice statue gestures at you. The bolt of cold hits you!!
A demonic guardian appears!
You hit the ice statue but do no damage.
You claw the ice statue, but do no damage.
You headbutt the ice statue, but do no damage.
The ice statue is almost destroyed.
You are engulfed in freezing vapours.
Your white imp is engulfed in freezing vapours.
Unknown command.
You sock the ice statue!
You claw the ice statue, but do no damage.
The ice statue is almost destroyed.
You are engulfed in freezing vapours.
* * * LOW HITPOINT WARNING * * *
Unknown command.
Unknown command.
You are engulfed in freezing vapours.
You die...

## ##. ##..## #.....
##.....## #.......##
#.....○°8# ####
.....○☼°## ######..##
.....°°5@### ##..##....##
.........†.###..........#
............#.......∩.∩.#
.........##....##.......#
........####..#####....##
........8 #### ##..##
........# #### #......##
##....#


You could see a friendly white imp (summoned).

Vanquished Creatures
  A hydra (D:11)
  Erolcha (D:9)
  2 boulder beetles
  5 two-headed ogres
  3 ugly things
  2 cyclopes (D:8)
  A rust devil (D:11)
  A cane toad (Lair:1)
  Psyche (D:11)
  3 gargoyles
  A komodo dragon (D:8)
  A kobold demonologist (D:12)
  3 rime drakes
  A troll (D:8)
  A hornet (D:10)
  A polar bear (Lair:1)
  A slime creature (D:8)
  15 yaks
  A shadow (D:8)
  3 wyverns
  A steam dragon (D:8)
  5 vampire mosquitoes (D:11)
  Edmund (D:4)
  A water moccasin (D:6)
  2 sky beasts
  A black bear (D:8)
  11 ice beasts (IceCv)
  7 orc warriors
  A necrophage (D:4)
  6 ogres
  2 phantoms
  5 centaurs
  A boggart (D:8)
  4 kobold brigands
  3 bullfrogs
  3 scorpions
  2 water moccasin zombies (D:6)
  A water moccasin skeleton (D:4)
  A killer bee (D:10)
  3 wights
  4 howler monkeys
  3 jellies
  7 centaur zombies
  3 hounds
  Crazy Yiuf (D:5)
  3 centaur skeletons
  9 orc priests
  2 bullfrog skeletons
  Jessica (D:2)
  3 iguanas
  Natasha (D:2)
  14 orc wizards
  A killer bee zombie (D:9)
  3 howler monkey zombies (D:6)
  Robin (D:3)
  12 gnolls
  5 adders
  2 howler monkey skeletons
  An ufetubus (D:7)
  An adder skeleton (D:4)
  4 worms
  4 dart slugs
  53 orcs
  6 ball pythons
  8 endoplasms
  2 giant cockroaches (D:4)
  18 goblins
  11 hobgoblins
  13 jackals
  3 quokkas
  4 bats
  4 frilled lizards
  16 kobolds
  4 rats
336 creatures vanquished.

Vanquished Creatures (collateral kills)
  A shadow (D:11)
  6 yaks
  A wyvern zombie (D:6)
  2 gnoll shamans
  5 gnolls
15 creatures vanquished.

Vanquished Creatures (others)
  A gnoll (D:2)
  An orc (D:11)
  32 plants (D:8)
  4 withered plants (D:6)
38 creatures vanquished.

Grand Total: 389 creatures vanquished

Notes
Turn   | Place    | Note
-------+----------+-------------------------------------------
     0 | D:1      | ZappyNine the Demonspawn Artificer began the quest for the
                  | Orb.
     0 | D:1      | Reached XP level 1. HP: 15/15 MP: 1/1
   104 | D:1      | Gained mutation: You are partially covered in molten
                  | scales. (AC +2) [demonic ancestry]
   104 | D:1      | Reached XP level 2. HP: 7/21 MP: 2/2
   311 | D:1      | Found Ziahiuja's Armour Shop.
   348 | D:1      | Found a faded altar of an unknown god.
   626 | D:1      | Found Woguym's Assorted Antiques.
   634 | D:1      | Reached skill level 1 in Dodging
  1015 | D:1      | Found Nidweipu's Armour Boutique.
  1050 | D:1      | Found Fyxol's Armour Emporium.
  1071 | D:1      | Found Aseot's Antique Weapon Emporium.
  1458 | D:1      | Gained mutation: You have sharp toenails. [demonic
                  | ancestry]
  1458 | D:1      | Reached XP level 3. HP: 26/26 MP: 3/3
  1536 | D:2      | Noticed a scorpion
  1564 | D:2      | Killed a scorpion
  1565 | D:2      | Reached skill level 1 in Maces & Flails
  1565 | D:2      | Reached skill level 1 in Stealth
  1565 | D:2      | Gained mutation: Spells you cast may paralyse adjacent
                  | enemies. [demonic ancestry]
  1565 | D:2      | Reached XP level 4. HP: 12/32 MP: 4/4
  2434 | D:2      | Noticed Jessica
  2448 | D:2      | Killed Jessica
  2449 | D:2      | Reached XP level 5. HP: 37/37 MP: 5/5
  2579 | D:2      | Noticed Natasha
  2585 | D:2      | Killed Natasha
  3406 | D:2      | Found a blossoming altar of Fedhas.
  3565 | D:3      | Noticed an ogre
  3573 | D:3      | Killed an ogre
  3574 | D:3      | Gained mutation: You have razor-sharp toenails. [demonic
                  | ancestry]
  3574 | D:3      | Reached XP level 6. HP: 44/44 MP: 6/6
  4313 | D:3      | Noticed Robin
  4331 | D:3      | Killed Robin
  4766 | D:4      | Gained mutation: You have claws for feet. [demonic
                  | ancestry]
  4766 | D:4      | Reached XP level 7. HP: 11/48 MP: 7/7
  5199 | D:4      | Noticed Edmund
  5227 | D:4      | Killed Edmund
  5228 | D:4      | Reached skill level 1 in Shields
  5752 | D:4      | Gained mutation: A weak demonic guardian rushes to your
                  | aid. [demonic ancestry]
  5752 | D:4      | Reached XP level 8. HP: 53/58 MP: 8/8
  6147 | D:5      | Entered Level 5 of the Dungeon
  6165 | D:5      | Reached skill level 5 in Maces & Flails
  6500 | D:5      | Found a staircase to the Ecumenical Temple.
  7103 | D:5      | Found a runed translucent door.
  7104 | D:5      | Noticed Crazy Yiuf
  7434 | D:5      | Gained mutation: Your body sometimes deteriorates upon
                  | taking damage. [potion of mutation]
  7435 | D:5      | Lost mutation: Your body sometimes deteriorates upon taking
                  | damage. [potion of mutation]
  7435 | D:5      | Gained mutation: You are agile. (Dex +2) [potion of
                  | mutation]
  7435 | D:5      | Gained mutation: You have a pair of small horns on your
                  | head. [potion of mutation]
  7435 | D:5      | Gained mutation: Your body sometimes deteriorates upon
                  | taking damage. [potion of mutation]
  7578 | D:5      | Killed Crazy Yiuf
  7907 | D:6      | Reached XP level 9. HP: 46/65 MP: 9/9
  8469 | Temple   | Entered the Ecumenical Temple
  8788 | Temple   | Became a worshipper of Sif Muna the Loreminder
  8921 | D:6      | Reached skill level 2 in Spellcasting
  9060 | D:6      | Reached skill level 3 in Spellcasting
  9089 | D:6      | Found a hide-covered altar of Uskayaw.
  9100 | D:6      | Noticed a +0 spear
  9101 | D:6      | Noticed a +0 falchion
  9102 | D:6      | Noticed a +0 spear
  9102 | D:6      | Noticed a +0 short sword
  9103 | D:6      | Noticed a +0 dagger
  9103 | D:6      | Noticed a +0 short sword
  9103 | D:6      | Noticed a +0 falchion
  9103 | D:6      | Noticed a +0 dagger
  9456 | D:7      | Reached skill level 4 in Spellcasting
  9497 | D:7      | Reached skill level 5 in Spellcasting
 10267 | D:8      | Noticed a five-headed hydra
 10275 | D:8      | Noticed Dvallin's ghost (novice GnCj)
 10276 | D:8      | Found a transporter.
 10367 | D:8      | Found Gobrar's Antique Armour Boutique.
 10370 | D:8      | Bought a heavily runed cloak for 218 gold pieces
 10370 | D:8      | Identified the +0 cloak of Action {Will+} (You bought it in
                  | a shop on level 8 of the Dungeon)
 10549 | D:8      | Reached skill level 6 in Spellcasting
 10758 | D:8      | Found a transporter.
 10767 | D:8      | Reached * piety under Sif Muna
 10773 | D:8      | Gained mutation: Spells you cast may paralyse nearby
                  | enemies. [demonic ancestry]
 10773 | D:8      | Reached XP level 10. HP: 26/71 MP: 19/19
 11187 | D:8      | Found a staircase to the Lair.
 11253 | D:8      | Noticed a two-headed ogre
 11264 | D:8      | Killed a two-headed ogre
 11265 | D:8      | Reached skill level 5 in Fighting
 11372 | D:8      | Noticed a boulder beetle
 11394 | D:8      | Killed a boulder beetle
 11395 | D:8      | Reached skill level 7 in Spellcasting
 11497 | D:8      | Noticed a cyclops
 11505 | D:8      | Killed a cyclops
 11640 | D:8      | Noticed a cyan ugly thing
 11648 | D:8      | Killed a cyan ugly thing
 11964 | D:8      | Identified the ring "Eploifah" {rF+ rN+ Will+ Int+3}
 11981 | D:8      | Noticed a cyan ugly thing
 12567 | D:8      | Noticed a cyclops
 12572 | D:8      | Killed a cyclops
 12654 | D:8      | Killed a green ugly thing
 12655 | D:8      | Reached skill level 8 in Spellcasting
 12655 | D:8      | Gained mutation: Spells you cast and wands you use may
                  | paralyse nearby enemies. [demonic ancestry]
 12655 | D:8      | Reached XP level 11. HP: 61/83 MP: 21/23
 12861 | D:9      | Noticed a two-headed ogre
 12875 | D:9      | Killed a two-headed ogre
 12942 | D:9      | Noticed Erolcha
 12951 | D:9      | Killed Erolcha
 13012 | D:9      | Reached ** piety under Sif Muna
 13341 | D:10     | Entered Level 10 of the Dungeon
 13386 | D:10     | Learned a level 1 spell: Corona
 13395 | D:10     | Noticed a two-headed ogre
 13417 | D:10     | Killed a two-headed ogre
 13418 | D:10     | Reached skill level 5 in Evocations
 13573 | D:10     | Reached skill level 9 in Spellcasting
 13592 | D:10     | Reached skill level 5 in Armour
 13619 | D:10     | Noticed a two-headed ogre
 13627 | D:10     | Killed a two-headed ogre
 14033 | D:11     | Noticed Psyche
 14052 | D:11     | Killed Psyche
 14163 | D:11     | Noticed an eight-headed hydra
 14171 | D:11     | Killed an eight-headed hydra
 14275 | D:11     | Gained mutation: You are mostly covered in molten scales.
                  | (AC +3) [demonic ancestry]
 14275 | D:11     | Reached XP level 12. HP: 63/94 MP: 25/25
 14523 | D:11     | Noticed a boulder beetle
 14546 | D:11     | Killed a boulder beetle
 14706 | D:11     | Reached *** piety under Sif Muna
 14821 | D:11     | Noticed a two-headed ogre
 14831 | D:11     | Killed a two-headed ogre
 15024 | D:11     | Found a burning altar of Makhleb.
 15166 | D:12     | Identified the +0 helmet "Jiliof" {Will+ rCorr Str+2}
 15211 | D:12     | Found a staircase to the Orcish Mines.
 15301 | D:12     | Reached skill level 10 in Spellcasting
 15447 | Lair:1   | Entered Level 1 of the Lair of Beasts
 15608 | Lair:1   | Reached **** piety under Sif Muna
 15667 | Lair:1   | Found a frozen archway.
 15674 | IceCv    | Entered an ice cave
 15779 | IceCv    | Engulfed by an ice statue's freezing vapour

Illustrated notes

Levels and vault maps discovered:
D:1:      elethiomel_arrival_shortcut, layout_loops_ring, serial_shops,
          nicolae_shop_window_shopping, nicolae_shop_behind_doors,
          nicolae_shop_window_shopping, shop, shop,
          ebering_ecumenical_altar_box, minmay_misc_feat_hallway
D:2:      layout_loops_corners, basic_altar, minivault_27, uniq_jessica,
          uniq_natasha
D:3:      kennysheep_goblin_castle, layout_rooms
D:4:      cheibrodos_barr_body, layout_basic, minmay_misc_feat_chi, uniq_edmund
D:5:      layout_loops_corners, minmay_temple_entry_glassed_door,
          uniq_crazy_yiuf_cottage
D:6:      layout_basic, nicolae_uskayaw_en_pointe, serial_undead,
          serial_undead_b, serial_undead_a, serial_undead_f, serial_undead_a,
          serial_undead_f, serial_undead_c, minmay_microvault
D:7:      layout_rooms
D:8:      layout_basic, david_lair_shrubbed, gammafunk_ghost_arena,
          serial_shops, kennysheep_mini_moat, minmay_evil_grid
D:9:      layout_rooms, uniq_erolcha
D:10:     layout_long_grid, hangedman_abyss_or_decor_clamps, st_stairs_14
D:11:     minmay_inner_zag, layout_irregular_city, serial_column_ruins,
          column_ruins_hut_water, column_ruins_open_small,
          column_ruins_corridor_dead_end, column_ruins_grid_1,
          column_ruins_open_tiny, hex_large, demons_altar, uniq_psyche
D:12:     layout_loops_ring, hiddenorc2_lemuel, uniq_snorg
Temple:   regret_index_temple_sigil_plot
Lair:1:   layout_loops_ring, portal_ice_cave_rime, grunt_megastairs_2,
          lemuel_fruit_tree
IceCv:    ice_cave_small_dragons

Skill      XL: |  1  2  3  4  5  6  7  8  9 10 11 12 |
---------------+-------------------------------------+-----
Dodging        | 1 2 3 4 |  4.1
Armour         | 2 3 4 5 7 |  7.1
Maces & Flails | 1 2 3 4 6 8 |  8.8
Stealth        | 1 2 3 |  3.3
Evocations     | 4 6 7 |  7.6
Fighting       | 2 3 4 6 8 9 |  9.7
Shields        | 1 3 4 |  4.5
Spellcasting   | 6 8 9 10 | 10.2

Action                   |  1- 3 |  4- 6 |  7- 9 | 10-12 || total
-------------------------+-------+-------+-------+-------++-------
Melee: Club              |    19 |    16 |    47 |       ||    82
       Whip              |    52 |   187 |       |       ||   239
       Kick              |     1 |    55 |    94 |   227 ||   377
       Flail             |       |       |   256 |   508 ||   764
       Headbutt          |       |       |    28 |   139 ||   167
 Cast: Corona            |       |       |       |    24 ||    24
Evoke: Wand              |    16 |     6 |     6 |    35 ||    63
       Piece from Xom's  |     5 |     2 |       |     8 ||    15
  Use: Potion            |       |     7 |     7 |     1 ||    15
       Scroll            |       |     6 |     9 |     9 ||    24
 Stab: Sleeping          |     1 |     5 |     7 |     6 ||    19
       Betrayed ally     |       |     1 |     3 |       ||     4
       Paralysed         |       |       |     3 |    37 ||    40
       Petrified         |       |       |       |     7 ||     7
       Confused          |       |       |       |     1 ||     1
       Petrifying        |       |       |       |     1 ||     1
       Distracted        |       |       |       |     1 ||     1
Armor: Leather armour    |    30 |    87 |    72 |     4 ||   193
       Troll leather arm |       |       |       |   102 ||   102
       Skin              |       |       |       |     4 ||     4
Dodge: Dodged            |    52 |   118 |   160 |   193 ||   523
Block: Buckler           |       |    26 |   140 |   251 ||   417
       Reflection        |       |       |       |    21 ||    21

Table legend: (Time is in decaauts)
 A = Elapsed time spent in this place.
 B = Non-inter-level travel time spent in this place.
 C = Inter-level travel time spent in this place.
 D = Time resting spent in this place.
 E = Time spent auto-exploring this place.
 F = Levels seen in this place.
 G = Mean time per level.
                   A        B        C        D        E       F      G
               +--------+--------+--------+--------+--------+-----+--------+
         Total |  15836 |  15233 |    603 |   3692 |   9061 |  15 | 1055.7 |
       Dungeon |  15156 |  14584 |    572 |   3663 |   8633 |  12 | 1263.0 |
        Temple |    349 |    319 |     30 |      0 |    286 |   1 |  349.0 |
          Lair |    227 |    227 |      0 |      0 |    135 |   1 |  227.0 |
      Ice Cave |    102 |    102 |      0 |     29 |      7 |   1 |  102.0 |
               +--------+--------+--------+--------+--------+-----+--------+

Top non-repeatable levels by time:
     D:8: 2465 daAuts
     D:2: 2027 daAuts
     D:5: 1533 daAuts
     D:1: 1508 daAuts
     D:4: 1424 daAuts
     D:6: 1378 daAuts
     D:3: 1224 daAuts
    D:11: 1176 daAuts
     D:7: 936 daAuts
    D:10: 695 daAuts
     D:9: 600 daAuts
  Temple: 349 daAuts
  Lair:1: 227 daAuts
    D:12: 183 daAuts
   IceCv: 102 daAuts
